[Event "*** Titled Tuesday Blitz"]
[Site "Chess.com"]
[Date "2019.02.05"]
[Round "5"]
[White "x-6099009240"]
[Black "otrov-11"]
[Result "1-0"]
[WhiteElo "2397"]
[BlackElo "2318"]
[TimeControl "180+2"]
[EndTime "14:11:39 PST"]
[Termination "x-6099009240 won on time"]

1. e4 e6 2. d4 d5 3. Nd2 c5 4.
exd5 Qxd5 5. Ngf3 cxd4 6. Bc4 Qd6 7. O-O Nf6 8. Nb3 Nc6 9. Nbxd4 Nxd4 10. Nxd4 Qc7 11. Qe2 a6 12. h3 Bc5 13. Nf5 O-O 14. Nxg7 Kxg7 15. Qd2 Be7 16. Qh6+ Kg8 17. Bd3 Rd8 18.
Bg5 Rxd3 19. cxd3 Ne8 20. Rac1 Qd8 21. Bxe7 Qxe7 22. Rc4 f5 23. Re1 Bd7 24. Re3 Rc8 25. Rg3+ Kh8 26. Qf4 Rxc4 27. Qxc4 Bc6 28. Qd4+ Nf6 29.
Qe5 Be8 30. d4 Qf8 31. f4 Bg6 32. h4 Qg7 33. Rc3 Ne8 34. Kf2 Qxe5 35. dxe5 Kg7 36. g3 Kf7 37. Ke3 Ke7 38. Kd4 Kd7 39. Kc5 Kc7 40.
Kb4+ Kb6 41. a4 a5+ 42. Kc4 Nc7 43. Rb3+ Kc6 44. Kd4 Nd5 45. Rd3 Bh5 46. Rd2 Bf3 47.
Rc2+ Kd7 48. Rc5 b6 49. Rc1 Be4 50. Rg1 Bf3 51. Rc1 h5 52. Rc2 Bd1 53. Rc1 Bxa4 54.
Rc4 Bb5 55. Rc1 Be2 56. Rc2 Bg4 57. Rc1 Nb4 58. Kc4 Bf3 59. Kb5 Nd5 60. Kc4 Be2+ 61. Kd4 b5 62. Rc5 a4 63. Rc2 Bc4 64. Kc5 Kc7 65.
Rc1 Kb7 66. Ra1 Kc7 67. Rc1 Nb6 68. Rd1 Nd7+ 69. Kb4 Nb6 70. Kc5 Nd5 71. Rc1 Kd7 72. Ra1 Ne3 73. Re1 Nd5 74. Rc1 Ke7 75. Ra1 Ne3 76.
Re1 Nf1 77. Rd1 Nxg3 78. Kc6 Ne2 79. Rd7+ Ke8 80. Kd6 Nxf4 81. Re7+ Kf8 82. Rh7 Ng6 83. Rxh5 Kg7 84. Rg5 Kh6 85. Rg2 Bd5 86. Rg1 b4 87. Ra1 a3 88. bxa3 b3 89. a4 Nf4 90. Rb1 Nd3 91. a5 Nb4 92. Kc5 Nc2 93. a6 Na3 94. Rb2 Kh5 95. a7 Kxh4 96. Rxb3 Nc2 97. Rd3 Be4 98.
Rc3 Ne1 99. Kd6 Kg5 100. Kxe6 Nd3 101. Rxd3 f4 102. Kd6 f3 103. Rd1 Kf4 104. e6 Ke3 105. Rf1 1-0

[Event "*** Titled Tuesday Blitz"]
[Site "Chess.com"]
[Date "2019.02.05"]
[Round "5"]
[White "Rakesh"]
[Black "alishersuleymenov"]
[Result "1-0"]
[WhiteElo "2322"]
[BlackElo "2439"]
[TimeControl "180+2"]
[EndTime "14:13:38 PST"]
[Termination "Rakesh won by resignation"]

1. e4 c5 2. c3 Nf6 3. e5 Nd5 4. d4 cxd4 5. Nf3 e6 6. cxd4 b6 7.
Bc4 Ba6 8. Bxd5 exd5 9. Nc3 Bb4 10. Bg5 Qc7 11. Qb3 Bxc3+ 12. bxc3 O-O 13. Rc1 Bc4 14.
Qa3 Nc6 15. Nd2 Bd3 16. h4 Rfe8 17. f4 f6 18. Rh2 fxg5 19. hxg5 d6 20. Nf3 Na5 21.
Kf2 Nc4 22. Qa4 Be4 23. Rch1 Rf8 24. Kg3 Qf7 25. Rh4 dxe5 26. Nxe5 Nxe5 27. dxe5 Rac8 28. Qd4 Rc4 29. Qe3 Rfc8 30. Rc1 Qc7 31. Kh2 Rxc3 32. Rxc3 Qxc3 33. Qf2 Qc2 34. Qg3 Qe2 35. Qh3 Rf8 36.
Qe6+ Kh8 37. Qh3 d4 38. Rxh7+ Kg8 39. Rh8+ Kf7 40. g6+ Ke7 41. Rxf8 Kxf8 42. Qc8+ Ke7 43. Qc7+ Ke8 44. Qf7+ Kd8 45. Qf8+ Kc7 46. Qxg7+ Kc6 47.
Qf6+ Kb5 48. Qg5 d3 49. g7 Bd5 50. f5 d2 51. e6 d1=Q 52. g8=Q Qh5+ 53. Qxh5 Qxh5+ 54. Kg1 Qd1+ 55. Kh2 Qd2 56. Qg4 Qe1 57. Qg3 Qe2 58.
Qf4 Qh5+ 59. Kg3 Qe2 60. Qf2 Qe5+ 61. Qf4 Qc3+ 62. Kh4 Qh8+ 63. Kg4 Qg7+ 64. Qg5 Qd4+ 65. Kh5 Qd1+ 66. Kg6 Qa1 67. f6 Qb1+ 68. Kg7 Qe4 69. e7 Ka6 70. Qxd5 Qxd5 71. e8=Q Qxg2+ 72. Kf8 Qf3 73. Qc8+ Ka5 74. Qe6 Qa8+ 75. Kg7 Qg2+ 76. Kf8 Qa8+ 77.
Kf7 Qb7+ 78. Ke8 Qa8+ 79. Ke7 Qb7+ 80. Kd6 Qb8+ 81. Kd5 Qd8+ 82. Ke5 Qc7+ 83. Qd6 Qc3+ 84. Ke6 Qh3+ 85. Ke7 Qh4 86. Kd7 Qh7+ 87. Kc8 Qf5+ 88. Kd8 Ka4 89. a3 Kb3 90. Qb4+ Ka2 91. Qd6 a5 92.
Qxb6 Kxa3 93. Qd6+ Kb2 94. Ke7 Qe4+ 95. Kd8 Qa8+ 96. Ke7 Qb7+ 97. Kf8 Qc8+ 98. Kg7 Qg4+ 99. Kh7 Qh5+ 100. Kg7 Qg4+ 101. Kh7 Qf5+ 102. Kg7 Qg5+ 103. Kf8 Qh6+ 104. Ke7 Qe3+ 105. Kd7 Qa7+ 106. Ke6 Qe3+ 107. Kf5 Qf2+ 108. Ke4 Kb3 109. Qe6+ Kc2 110. f7 Qe2+ 111. Kd5 Qf3+ 112. Kd6 Qf4+ 113. Kd5 Qg5+ 114. Kd6 Qd8+ 115. Qd7 Qf6+ 116. Qe6 Qd8+ 117. Qd7 Qf6+ 118. Kc7 Qf4+ 119. Kc8 Qc4+ 120. Qc7 Qxc7+ 121. Kxc7 a4 122. f8=Q Kb3 123. Qf3+ Kb2 124. Qe2+ Kb3 125. Qd1+ Kb2 1-0

[Event "*** Titled Tuesday Blitz"]
[Site "Chess.com"]
[Date "2019.02.05"]
[Round "5"]
[White "Astaneh"]
[Black "Ellaijio_B"]
[Result "1/2-1/2"]
[WhiteElo "2571"]
[BlackElo "2644"]
[TimeControl "180+2"]
[EndTime "14:15:07 PST"]
[Termination "Game drawn - insufficient material"]

1. Nf3 c5 2. e3 Nf6 3. d4 g6 4. c3 b6 5. Bc4 Bg7 6. O-O O-O 7.
Re1 Bb7 8. Nbd2 d6 9. e4 cxd4 10. cxd4 Nc6 11. e5 Ne8 12. e6 f5 13. d5 Na5 14. a3 Nxc4 15. Nxc4 Nf6 16. Ne3 f4 17. Nc2 Nxd5 18. Ng5 Rc8 19. Nf7 Qc7 20. Nb4 Qc4 21. Nxd5 Qxd5 22. Qxd5 Bxd5 23. Bxf4 Bxb2 24.
Rad1 Bxe6 25. Nh6+ Kg7 26. Bg5 Bf6 27. h4 Bb3 28. Rd3 Bc4 29. Rdd1 Rc7 30. Ng4 Bxg5 31. hxg5 Bb3 32. Rd3 Bg8 33. Rde3 e5 34. g3 Bc4 35. Nf6 h6 36. f4 hxg5 37. fxg5 Rh8 38. Rd1 Rc6 39.
Ne4 d5 40. Nf6 e4 41. Nxd5 Bxd5 42. Rxd5 Re8 43. Rd7+ Kg8 44. Rxa7 Rc5 45. Rb7 b5 46. Kf2 Rxg5 47. Rb3 Rf5+ 48. Ke2 Ree5 49. Rc3 Rf7 50. Rcc7 Rxc7 51. Rxc7 e3 52. Rc3 Kf7 53. Rxe3 Rd5 54. Re4 Kf6 55. Ke3 Kf5 56. Rb4 Re5+ 57. Kf3 Rc5 58. Kg2 g5 59. a4 Rc2+ 60. Kf3 Rc3+ 61. Kf2 bxa4 62. Rxa4 Rc2+ 63. Kf3 g4+ 64. Ke3 Rc3+ 65.
Kf2 Rf3+ 66. Kg2 Rd3 67. Ra5+ Ke4 68. Ra4+ Rd4 69. Ra2 Ke3 70. Ra3+ Rd3 71. Ra4 Rd2+ 72. Kf1 Kf3 73. Ra3+ Ke4 74. Ra4+ Rd4 75. Ra8 Kf3 76.
Ra3+ Ke4 77. Kf2 Rd2+ 78. Ke1 Rd4 79. Ke2 Rb4 80. Ra8 Rb2+ 81. Kf1 Rb3 82. Kf2 Rf3+ 83. Kg2 Rd3 84. Re8+ Kf5 85. Kf2 Rd2+ 86. Ke3 Ra2 87. Rf8+ Ke5 88. Re8+ Kf5 89. Rf8+ Kg5 90. Rg8+ Kf5 91.
Rf8+ Ke5 92. Re8+ Kf6 93. Rf8+ Ke6 94. Rf4 Ra3+ 95. Kf2 Ra2+ 96. Kf1 Ra1+ 97. Kf2 Ra2+ 98. Ke1 Ra1+ 99. Kd2 Ra2+ 100. Kd1 Ra1+ 101. Kc2 Ra2+ 102. Kb3 Re2 103. Rxg4 Rd2 104. Kc3 Rd8 105. Kc4 Ra8 106. Kd3 Ke5 107. Rg5+ Kf6 108. Rg4 Ra3+ 109. Ke2 Ke5 110. Kf2 Ra2+ 111. Kf3 Ra3+ 112. Kg2 Kf5 113. Rg8 Kf6 114. Kh3 Kf7 115. Rg4 Ra1 116. Kh4 Kf6 117. Rf4+ Kg6 118. Kg4 Ra6 119. Rb4 Ra8 120. Rb6+ Kg7 121. Rd6 Ra4+ 122. Kf5 Ra5+ 123. Kf4 Ra4+ 124. Ke5 Rg4 125. Rd3 Kg6 126. Ra3 Kg5 127. Rb3 Ra4 128. Rc3 Ra8 129. Ke4 Kg4 130. Ke5 Rd8 131. Ke6 Rd2 132. Ke5 Re2+ 133. Kd5 Rd2+ 134. Ke5 Rf2 135. Ke6 Rf1 136. Ke5 Rf2 137. Kd6 Rf8 138. Ke5 Rf2 139. Ke4 Rf1 140. Kd4 Rf3 141. Rd3 Rf8 142. Re3 Rd8+ 143. Kc3 Rc8+ 144. Kd3 Rd8+ 145. Ke2 Rf8 146. Rd3 Re8+ 147. Kf2 Rf8+ 148. Kg2 Ra8 149. Rd4+ Kf5 150. Rf4+ Kg5 151. Rf2 Kg4 152. Rf4+ Kg5 153. Rf2 Ra3 154. Rf3 Ra2+ 155. Rf2 Ra4 156. Rf3 Kg4 157. Rf2 Ra3 158. Rf4+ Kg5 159. Rf3 Ra2+ 160. Rf2 Ra4 161. Rf3 Ra1 162. Rf2 Ra8 163. Rf3 Rg8 164. Rf2 Rg6 165. Rf3 Rc6 166. Rf2 Rc3 167. Rf3 Rxf3 168. Kxf3 Kf5 169. g4+ Kg5 170.
Kg3 Kg6 171. Kf4 Kf6 172. g5+ Kg6 173. Kg4 Kg7 174. Kf5 Kf7 175. g6+ Kg7 176. Kg5 Kg8 177. Kf6 Kf8 178. g7+ Kg8 179. Ke7 Kxg7 1/2-1/2

[Event "*** Titled Tuesday Blitz"]
[Site "Chess.com"]
[Date "2019.02.05"]
[Round "5"]
[White "PotapovaM"]
[Black "KRASAVCHIK2002"]
[Result "0-1"]
[WhiteElo "2426"]
[BlackElo "2277"]
[TimeControl "180+2"]
[EndTime "14:15:07 PST"]
[Termination "KRASAVCHIK2002 won by resignation"]

1. d4 Nf6 2. c4 c5 3. d5 b5 4. cxb5 a6 5. bxa6 g6 6. Nc3 Bg7 7. e4 O-O 8. Nf3 Qa5 9. Bd2 Bxa6 10. Be2 Bxe2 11. Qxe2 Qa6 12. Qxa6 Nxa6 13. e5 Ng4 14. Bf4 Nb4 15. Rd1 Nxa2 16. Ne4 f6 17. exf6 Nxf6 18. Nxc5 Nh5 19. Bg5 Bxb2 20. O-O d6 21. Ne6 Rf7 22. Rd2 Bh8 23. Nc7 Ra7 24. Ne6 Nc3 25. Nfd4 Bxd4 26.
Nxd4 Nf6 27. Nc6 Rc7 28. Rc2 Ncxd5 29. Rfc1 Kg7 30. f3 h6 31. Bd2 e5 32. Ba5 Rc8 33.
Nd8 Rxc2 34. Rxc2 Rd7 35. Rc8 Ne7 36. Ne6+ Kf7 37. Nd8+ Kg7 38. Ne6+ Kf7 39. Nd8+ Kg7 40. Ne6+ Kf7 41. Nd8+ Ke8 42. Ra8 Nfd5 43. Ne6+ Kf7 44. Nd8+ Kf6 45. h3 Nf4 46. Kh2 Ne6 47. Nxe6 Kxe6 48. Bb4 Rb7 49. Bd2 h5 50. Ra6 Rd7 51.
Bb4 Nd5 52. Ba3 Nc7 53. Rb6 Nd5 54. Ra6 Nf4 55. Kg3 g5 56. Kf2 h4 57. g3 hxg3+ 58. Kxg3 Nd5 59. Kg4 Nf6+ 60. Kxg5 Rg7+ 61. Kh6 Rd7 62.
Kg6 Ng8 63. h4 Ne7+ 64. Kg5 Nf5 65. Kg4 Rg7+ 66. Kh3 Rg3+ 67. Kh2 Rxf3 68. h5 Rf4 69. Kg2 Rh4 70. Kf3 Rxh5 71. Ke4 Rh4+ 72. Kf3 Rh3+ 73. Kg2 Rd3 74. Kf2 e4 75. Ke2 Nd4+ 76. Kf2 Nb5 77.
Bb4 Rd4 78. Be1 Rd3 79. Bb4 Kd5 80. Ke2 Kc4 81. Be1 d5 82. Rc6+ Kd4 83. Bf2+ Ke5 84. Bg3+ Kf5 85. Bf2 Nc3+ 86. Kf1 e3 87. Be1 Ne4 88.
Ke2 Ra3 89. Bb4 Rb3 90. Be1 d4 91. Rc8 Rb2+ 92. Kd3 Nf2+ 93. Kxd4 Ng4 94. Rf8+ Kg5 95. Rg8+ Kf4 96. Rf8+ Kg5 97. Rg8+ Kf5 98. Rxg4 Kxg4 99.
Kxe3 Rb3+ 100. Kd4 Kf3 101. Ba5 Rb5 102. Bc7 Rb7 103. Be5 Rd7+ 104. Kc5 Ke4 105. Bd6 Rf7 106. Bg3 Rf5+ 107. Kc4 Rf1 108. Kc5 Rc1+ 109. Kd6 Rc4 110. Bh2 Rc2 111. Bg3 Rg2 112. Bh4 Rg6+ 113. Kc5 Ke5 114. Bf2 Rg2 115. Bd4+ Ke6 116. Kc4 Rc2+ 117. Kd3 Rc8 118.
Ke4 Rg8 119. Kf4 Kd5 120. Bc3 Rf8+ 121. Ke3 Re8+ 122. Kf4 Re4+ 123. Kf3 Ra4 124. Bg7 Ra7 125. Bh8 Ra3+ 126. Kf4 Ra2 127. Kf3 Kc4 128. Ke4 Re2+ 129. Kf4 Re8 130. Be5 Kd5 131. Bc3 Re4+ 132. Kf3 Rh4 133. Kg3 Rc4 134. Bf6 Ke4 135. Kg4 Rc8 136. Kg5 Rg8+ 137. Kh6 Kf5 138. Bg7 Re8 139. Kh7 Re1 140. Kg8 Ke6 141. Kh7 Kf7 142. Bh6 Rh1 0-1

[Event "*** Titled Tuesday Blitz"]
[Site "Chess.com"]
[Date "2019.02.05"]
[Round "6"]
[White "GHANDEEVAM2003"]
[Black "Andrew-FB00"]
[Result "1-0"]
[WhiteElo "2837"]
[BlackElo "1882"]
[TimeControl "180+2"]
[EndTime "14:17:17 PST"]
[Termination "GHANDEEVAM2003 won by resignation"]

1. e4 e5 2. Nf3 Nc6 3. Bb5 Nf6 4. d3 a6 5. Bxc6 dxc6 6. Nxe5 Bd6 7. Nc4 O-O 8. O-O Be6 9. Nbd2 Bxc4 10. Nxc4 Bc5 11.
Bg5 h6 12. Bh4 g5 13. Bg3 b5 14. Ne3 Bxe3 15. fxe3 Kg7 16. Be5 1-0

[Event "*** Titled Tuesday Blitz"]
[Site "Chess.com"]
[Date "2019.02.05"]
[Round "6"]
[White "OparinGrigoriy"]
[Black "justantan"]
[Result "1-0"]
[WhiteElo "2924"]
[BlackElo "2712"]
[TimeControl "180+2"]
[EndTime "14:17:48 PST"]
[Termination "OparinGrigoriy won by resignation"]

1. Nf3 d5 2. g3 Nf6 3. Bg2 e6 4. d4 Be7 5. c4 O-O 6. Nc3 dxc4 7.
Ne5 Qd6 8. a4 Rd8 9. Nb5 Qb4+ 10. Bd2 Qxb2 11. Nxc4 Qxa1 12. Qxa1 Na6 13. O-O c6 14. Nba3 Bd7 15. Ne5 Be8 16. Nac4 Rac8 17. Rb1 b6 18. Rc1 c5 19. Bb7 1-0

[Event "*** Titled Tuesday Blitz"]
[Site "Chess.com"]
[Date "2019.02.05"]
[Round "6"]
[White "PawnEatingZombie"]
[Black "HanSchut"]
[Result "0-1"]
[WhiteElo "2116"]
[BlackElo "2309"]
[TimeControl "180+2"]
[EndTime "14:18:07 PST"]
[Termination "HanSchut won by resignation"]

1. d4 Nf6 2. c4 g6 3. Nc3 d5 4. cxd5 Nxd5 5. e4 Nxc3 6. bxc3 Bg7 7.
Bg5 c6 8. Qd2 Qa5 9. Rc1 h6 10.
Be3 Nd7 11. Nf3 Nf6 12. Bd3 Ng4 13. Bf4 e5 14. Bg3 exd4 15. cxd4 Qxd2+ 16. Kxd2 O-O 17. h3 Nf6 18. Ke3 Re8 19. Rhe1 Nxe4 20. Bxe4 f5 21. Kd3 fxe4+ 0-1

[Event "*** Titled Tuesday Blitz"]
[Site "Chess.com"]
[Date "2019.02.05"]
[Round "6"]
[White "MateusViageiro"]
[Black "ChessMavenYeti"]
[Result "1-0"]
[WhiteElo "2200"]
[BlackElo "2236"]
[TimeControl "180+2"]
[EndTime "14:18:28 PST"]
[Termination "MateusViageiro won by checkmate"]

1. e4 e6 2. d4 d5 3. Nd2 c5 4. Ngf3 cxd4 5. exd5 Qxd5 6. Bc4 Qd6 7. O-O Nf6 8. Nb3 Nc6 9. Nbxd4 Nxd4 10. Nxd4 a6 11.
Bb3 Qc7 12. c3 Bd6 13. h3 O-O 14. Qf3 e5 15. Nf5 e4 16. Nh6+ Kh8 17. Qe3 gxh6 18.
Qxh6 Be5 19. Qxf8+ Ng8 20. Qxf7 Qd6 21. Qxg8# 1-0

[Event "*** Titled Tuesday Blitz"]
[Site "Chess.com"]
[Date "2019.02.05"]
[Round "6"]
[White "MathiasWomacka"]
[Black "monalize"]
[Result "1-0"]
[WhiteElo "2247"]
[BlackElo "2304"]
[TimeControl "180+2"]
[EndTime "14:18:34 PST"]
[Termination "MathiasWomacka won by resignation"]

1. e4 c5 2. Nf3 d6 3. d4 cxd4 4. Nxd4 Nf6 5. Nc3 a6 6. Be2 e6 7. O-O Qc7 8. f4 b5 9. Bf3 Bb7 10. e5 dxe5 11. fxe5 Nfd7 12. Bf4 Nc6 13. Nxc6 Bxc6 14.
Bxc6 Qxc6 15. Qg4 Qc5+ 16. Kh1 Nxe5 17. Bxe5 Qd5 18. Nxd5 1-0

[Event "*** Titled Tuesday Blitz"]
[Site "Chess.com"]
[Date "2019.02.05"]
[Round "6"]
[White "Blitzstream"]
[Black "26andrej26"]
[Result "1-0"]
[WhiteElo "2561"]
[BlackElo "2421"]
[TimeControl "180+2"]
[EndTime "14:18:53 PST"]
[Termination "Blitzstream won by resignation"]

1. g3 g6 2. Bg2 Bg7 3. d3 Nf6 4.
b3 d6 5. Bb2 e5 6. Nd2 O-O 7.
e3 c5 8. Ne2 Nc6 9. a3 Be6 10.
h3 Qd7 11. f4 Rae8 12. e4 exf4 13. Nxf4 d5 14. O-O dxe4 15. Bxf6 Bxf6 16. Nxe4 Bd4+ 17. Kh2 Bf5 18. c3 Bxe4 19. dxe4 1-0

[Event "*** Titled Tuesday Blitz"]
[Site "Chess.com"]
[Date "2019.02.05"]
[Round "6"]
[White "2165149677570"]
[Black "Satscho"]
[Result "1-0"]
[WhiteElo "2315"]
[BlackElo "2291"]
[TimeControl "180+2"]
[EndTime "14:18:54 PST"]
[Termination "2165149677570 won by resignation"]

1. e4 c5 2. Nf3 d6 3. d4 cxd4 4.
Qxd4 Nc6 5. Bb5 Bd7 6. Bxc6 bxc6 7. O-O Nf6 8. Nbd2 Qb6 9. Qd3 e5 10. Nc4 Qc7 11. Rd1 Bg4 12. Nxd6+ Bxd6 13. Qxd6 Qxd6 14. Rxd6 Nxe4 15. Rxc6 Kd7 16. Nxe5+ Ke7 17. Nxg4 Rhd8 18. Be3 f5 19. Ne5 Rd5 20. Nd3 Rad8 21. Rc7+ Kf8 22.
Rxa7 g5 23. f3 Nf6 24. Bxg5 1-0

[Event "*** Titled Tuesday Blitz"]
[Site "Chess.com"]
[Date "2019.02.05"]
[Round "6"]
[White "staz_staz"]
[Black "jerry_77"]
[Result "1-0"]
[WhiteElo "2353"]
[BlackElo "2411"]
[TimeControl "180+2"]
[EndTime "14:19:09 PST"]
[Termination "staz_staz won by resignation"]

1. c4 Nf6 2. Nc3 e6 3. e4 c5 4. g3 Nc6 5. Bg2 d6 6. Nge2 Nd4 7. O-O e5 8. d3 Be7 9. h3 O-O 10. Be3 Ne8 11. f4 Nc7 12. f5 Bg5 13. Bf2 g6 14. h4 Bh6 15. g4 Bg7 16. Qd2 a6 17. Rae1 b5 18. b3 Bd7 19. Nd5 Nxd5 20. cxd5 a5 21. Nxd4 exd4 22. Bg3 Be5 23. Bxe5 dxe5 24. f6 Bxg4 25. Qh6 1-0

[Event "*** Titled Tuesday Blitz"]
[Site "Chess.com"]
[Date "2019.02.05"]
[Round "6"]
[White "Zufi1811"]
[Black "PowerThinking2650"]
[Result "1-0"]
[WhiteElo "2353"]
[BlackElo "2253"]
[TimeControl "180+2"]
[EndTime "14:19:30 PST"]
[Termination "Zufi1811 won by resignation"]

1. d4 Nf6 2. Nf3 g6 3. Nbd2 d5 4. b4 Bg7 5. e3 O-O 6. Be2 a5 7. b5 a4 8. Ba3 Nbd7 9. O-O Re8 10. c4 e5 11. Nxe5 Nxe5 12. dxe5 Nd7 13. f4 f6 14.
cxd5 fxe5 15. d6 cxd6 16. Bc4+ Kh8 17. Ne4 Nb6 18. Nxd6 Rf8 19. Nf7+ 1-0

[Event "*** Titled Tuesday Blitz"]
[Site "Chess.com"]
[Date "2019.02.05"]
[Round "6"]
[White "Anar_Aliakbarov"]
[Black "jamengrand"]
[Result "1-0"]
[WhiteElo "2458"]
[BlackElo "2280"]
[TimeControl "180+2"]
[EndTime "14:19:36 PST"]
[Termination "Anar_Aliakbarov won by resignation"]

1. d4 Nf6 2. c4 e6 3. Nf3 Bb4+ 4. Nbd2 Nc6 5. a3 Be7 6. e4 d5 7. e5 Ne4 8. Bd3 Nxd2 9. Qxd2 dxc4 10. Bxc4 O-O 11.
b4 b6 12. Bd3 Bb7 13. Bb2 a5 14. b5 Na7 15. h4 h6 16. Rh3 Qd5 17. Rg3 Kh8 18.
Qe2 c6 19. bxc6 Bxc6 20. Bc1 Bb5 21. Bxh6 Bxd3 22. Bxg7+ Kh7 23. Qxd3+ 1-0

[Event "*** Titled Tuesday Blitz"]
[Site "Chess.com"]
[Date "2019.02.05"]
[Round "6"]
[White "StephenDedalus83"]
[Black "Mikhail_Golubev"]
[Result "1-0"]
[WhiteElo "2707"]
[BlackElo "2462"]
[TimeControl "180+2"]
[EndTime "14:20:17 PST"]
[Termination "StephenDedalus83 won by resignation"]

1. e4 c5 2. Nf3 d6 3. d4 Nf6 4.
Nc3 cxd4 5. Nxd4 g6 6. Be3 Bg7 7. f3 Nc6 8. Bc4 O-O 9. Bb3 Bd7 10. h4 Ne5 11. g4 Rc8 12. h5 Rxc3 13. bxc3 Qa5 14.
Qd2 Nxf3+ 15. Nxf3 Nxe4 16. Qd3 Qxc3+ 17. Ke2 Ng3+ 18.
Kf2 Nxh1+ 19. Rxh1 Bxg4 20. hxg6 hxg6 21. Qxg6 1-0

[Event "*** Titled Tuesday Blitz"]
[Site "Chess.com"]
[Date "2019.02.05"]
[Round "6"]
[White "INLOVEWITHF"]
[Black "LyonBeast"]
[Result "0-1"]
[WhiteElo "2298"]
[BlackElo "2901"]
[TimeControl "180+2"]
[EndTime "14:20:28 PST"]
[Termination "LyonBeast won by resignation"]

1. e4 c6 2. d4 d5 3. e5 Bf5 4. h4 h6 5. g4 Be4 6. f3 Bh7 7. e6 Nf6 8. Bd3 Bxd3 9. Qxd3 Qd6 10.
exf7+ Kxf7 11. Ne2 Nbd7 12. Bf4 e5 13. dxe5 Nxe5 14. Bxe5 Qxe5 15. c3 Re8 16. Kf2 Bc5+ 17. Nd4 Rhf8 18. Nd2 Kg8 19. Rae1 Nxg4+ 20. Kg2 Ne3+ 21. Kf2 Ng4+ 22. Kg2 Qf4 23. Rxe8 Rxe8 24. fxg4 Re3 25. Ne2 Qxg4+ 0-1

[Event "*** Titled Tuesday Blitz"]
[Site "Chess.com"]
[Date "2019.02.05"]
[Round "6"]
[White "Muisback26"]
[Black "tioloko"]
[Result "1-0"]
[WhiteElo "2862"]
[BlackElo "2580"]
[TimeControl "180+2"]
[EndTime "14:20:33 PST"]
[Termination "Muisback26 won by resignation"]

1. e4 c5 2. Nf3 d6 3. d4 cxd4 4. Nxd4 Nc6 5. Nc3 Nf6 6. Bg5 e6 7.
Qd2 a6 8. O-O-O Bd7 9. f4 Be7 10.
Nf3 b5 11. Bd3 Qb6 12. Kb1 h6 13. Bh4 O-O-O 14. e5 dxe5 15. fxe5 Nd5 16. Nxd5 exd5 17. Bxe7 Nxe7 18. Qb4 Nc6 19. Qf4 Be6 20. Bf5 Rhf8 21.
Bxe6+ fxe6 22. Qg4 Ne7 23. Qxg7 Nf5 24. Qg6 Rg8 25.
Qh5 Rxg2 26. Nh4 Nxh4 27. Qxh4 Qc6 28. Rc1 Rf8 29. Qxh6 Rff2 30. Qh7 d4 31. h4 Rxc2 32. Rxc2 1-0

[Event "*** Titled Tuesday Blitz"]
[Site "Chess.com"]
[Date "2019.02.05"]
[Round "6"]
[White "wonderfultime"]
[Black "ori99"]
[Result "1-0"]
[WhiteElo "2874"]
[BlackElo "2031"]
[TimeControl "180+2"]
[EndTime "14:20:35 PST"]
[Termination "wonderfultime won by resignation"]

1. d4 Nf6 2. Nf3 e5 3. dxe5 Ng8 4. e4 Nc6 5. Bc4 Bc5 6. Bxf7+ Kxf7 7. Qd5+ Kf8 8. Qxc5+ Nge7 9. O-O b6 10. Qc3 Kg8 11.
Qb3+ Kf8 12. Nc3 Ba6 13. Rd1 Qe8 14. e6 dxe6 15. Qxe6 Bc8 16. Qc4 Qg6 17. Nd5 Be6 18.
Qc3 Qxe4 19. Nxc7 Rd8 20. Re1 Qxe1+ 21. Nxe1 Bc8 22. Bg5 Rd7 23. Ne6+ Kf7 24. Qxg7+ 1-0

[Event "*** Titled Tuesday Blitz"]
[Site "Chess.com"]
[Date "2019.02.05"]
[Round "6"]
[White "Bayernbk"]
[Black "psychokiller48"]
[Result "0-1"]
[WhiteElo "2436"]
[BlackElo "2608"]
[TimeControl "180+2"]
[EndTime "14:21:00 PST"]
[Termination "psychokiller48 won by resignation"]

1. e4 e5 2. Nc3 Nc6 3. Bc4 Nf6 4. d3 Na5 5. Bb3 Nxb3 6. axb3 d5 7. exd5 Nxd5 8. Nge2 Be7 9. O-O O-O 10. Nxd5 Qxd5 11.
Nc3 Qc6 12. Re1 Bd6 13. Be3 b6 14. Qh5 Bb7 15. f3 f5 16. Ra4 Rf7 17. Rc4 Qd7 18. f4 Re8 19. fxe5 Rxe5 20. Bf2 Rxe1+ 21. Bxe1 Re7 22.
Bf2 a6 23. Rh4 g6 24. Qd1 Qc6 25. Qf1 b5 26. d4 b4 27. d5 Qe8 28. Nd1 Bxd5 29.
Rd4 Bb7 30. g3 Qc6 0-1

[Event "*** Titled Tuesday Blitz"]
[Site "Chess.com"]
[Date "2019.02.05"]
[Round "6"]
[White "aa175"]
[Black "Thefirstchess"]
[Result "0-1"]
[WhiteElo "1912"]
[BlackElo "2039"]
[TimeControl "180+2"]
[EndTime "14:21:06 PST"]
[Termination "Thefirstchess won by resignation"]

1. a3 c5 2. Nf3 Nc6 3. g3 g6 4.
Bg2 Bg7 5. O-O e5 6. e4 Nge7 7. Nc3 O-O 8. Nd5 d6 9. d3 h6 10.
Be3 Kh7 11. b4 cxb4 12. axb4 Nxd5 13. exd5 Nxb4 14. c4 e4 15. dxe4 Bxa1 16. Qxa1 Nc2 17. Qc3 Nxe3 18. Qxe3 a5 19. Nd4 a4 20. Nb5 Qe7 21.
Qa3 Rd8 22. f4 f6 23. e5 fxe5 24. fxe5 Qxe5 25. Rf7+ Kg8 26. Rc7 Qe1+ 27. Bf1 Bh3 28. Qf3 Rf8 0-1

[Event "*** Titled Tuesday Blitz"]
[Site "Chess.com"]
[Date "2019.02.05"]
[Round "6"]
[White "x-3738459472"]
[Black "Antipov_Mikhail_Al"]
[Result "0-1"]
[WhiteElo "2505"]
[BlackElo "2729"]
[TimeControl "180+2"]
[EndTime "14:21:08 PST"]
[Termination "Antipov_Mikhail_Al won by resignation"]

1. e4 c5 2. Nc3 Nc6 3. Bb5 Nd4 4. Bc4 e6 5. Nf3 Qc7 6. O-O Nf6 7. Re1 Ng4 8. g3 Nxf3+ 9. Qxf3 Ne5 10. Qe2 a6 11.
a4 b6 12. d3 Nxc4 13. dxc4 Bd6 14. Bg5 f6 15. Be3 O-O 16. Rad1 Be5 17. Ra1 Bxc3 18. Rad1 Bxe1 19. Rd3 Ba5 0-1

[Event "*** Titled Tuesday Blitz"]
[Site "Chess.com"]
[Date "2019.02.05"]
[Round "6"]
[White "DoHoChess"]
[Black "MatthewG-p4p"]
[Result "0-1"]
[WhiteElo "2607"]
[BlackElo "2679"]
[TimeControl "180+2"]
[EndTime "14:21:13 PST"]
[Termination "MatthewG-p4p won by resignation"]

1. Nf3 c5 2. c4 Nc6 3. Nc3 g6 4. e3 Nf6 5. d4 cxd4 6. exd4 d5 7. cxd5 Nxd5 8. Qb3 Nxc3 9. Bc4 e6 10. bxc3 a6 11.
Bd3 Bg7 12. Ba3 Ne7 13. h4 O-O 14. h5 Re8 15. hxg6 hxg6 16. Ng5 Nd5 17. Ne4 Nf4 18. Bf1 e5 19. Nd6 exd4+ 20. Nxe8 Qxe8+ 21. Kd1 Bd7 22. Bc4 dxc3 23. Re1 Bg4+ 24. f3 Qd7+ 25. Bd5 Nxd5 26. Kc1 Bh6+ 27. Kc2 Bf5+ 28. Re4 0-1

[Event "*** Titled Tuesday Blitz"]
[Site "Chess.com"]
[Date "2019.02.05"]
[Round "6"]
[White "ChessWarrior7197"]
[Black "gmjlh"]
[Result "1-0"]
[WhiteElo "2882"]
[BlackElo "2708"]
[TimeControl "180+2"]
[EndTime "14:21:14 PST"]
[Termination "ChessWarrior7197 won on time"]

1. e4 c6 2. d4 d5 3. Nc3 dxe4 4. Nxe4 Nf6 5. Nxf6+ exf6 6. c3 Bd6 7. Bd3 O-O 8.
Ne2 Re8 9. O-O Nd7 10. Qc2 Nf8 11. Ng3 Qc7 12. Bd2 Bd7 13. Rfe1 c5 14. dxc5 Bxc5 15. Ne4 Bb6 16. c4 Ne6 17. Nc3 Nd4 18. Bxh7+ Kh8 19. Qd3 g6 20. Nd5 Qd6 21. Bb4 Bc5 22.
Bxc5 Qxc5 23. b4 Bf5 24. Qc3 Rxe1+ 25. Rxe1 1-0

[Event "*** Titled Tuesday Blitz"]
[Site "Chess.com"]
[Date "2019.02.05"]
[Round "6"]
[White "Veiso"]
[Black "Rodalquilar"]
[Result "0-1"]
[WhiteElo "2382"]
[BlackElo "2544"]
[TimeControl "180+2"]
[EndTime "14:21:14 PST"]
[Termination "Rodalquilar won by resignation"]

1. d4 d5 2. c4 dxc4 3. e4 e5 4. Nf3 exd4 5. Bxc4 Nc6 6. O-O Be6 7. Bxe6 fxe6 8.
Qb3 Qd7 9. Qxb7 Rb8 10. Qa6 Nf6 11. e5 Nd5 12. Nbd2 Bc5 13. Ne4 Bb6 14. Qe2 O-O 15. Nfg5 h6 16. Qh5 Rf5 17. Qg6 hxg5 18. Nxg5 Rxg5 19. Bxg5 Nxe5 20. Qe4 Nf7 21. Bd2 Nf6 22. Qg6 e5 23. Rfe1 Qg4 24. Qc2 e4 25. a4 Qf5 26.
a5 d3 27. Qd1 Bxf2+ 0-1

[Event "*** Titled Tuesday Blitz"]
[Site "Chess.com"]
[Date "2019.02.05"]
[Round "6"]
[White "indfraeng"]
[Black "arctic_t00"]
[Result "0-1"]
[WhiteElo "1964"]
[BlackElo "2344"]
[TimeControl "180+2"]
[EndTime "14:21:21 PST"]
[Termination "arctic_t00 won on time"]

1. d4 Nf6 2. c4 e6 3. g3 Bb4+ 4. Bd2 Bxd2+ 5. Qxd2 d5 6. Nf3 O-O 7. Bg2 c6 8. Qc2 b6 9. Nbd2 Bb7 10. O-O Nbd7 11.
e4 dxe4 12. Nxe4 Nxe4 13. Qxe4 Nf6 14. Qd3 Qc7 15. c5 Rad8 16. Qc4 Nd5 17. Rac1 Qc8 18. Rfd1 Ba6 19. Qa4 Be2 20. Rd2 Bxf3 21. Bxf3 b5 22. Bxd5 bxa4 0-1